AoeStats
← RedPhosphoru

Black Forest

508912712Analyzed
2v2 RM · 8d ago on Sep 24, 2026· 20m 55s· 4 players
Game mode
Random Map
Map size
Medium (4 player)
Population
200
Speed
Normal
Resources
Standard
Victory
Conquest
Starting age
Dark Age
Ending age
Imperial Age
RankedLock teamsTeams togetherTeam positionsShared explorationLock speedFull tech treeHidden civsTurbo modeCheats
Victory
Defeat
🇺🇸 Wu · United States
1840
+10
🇩🇪 Saxons · Germany
1518
+24
🇩🇪 Japanese · Germany
1771
-20
🇩🇪 Spanish · Germany
1620
-14
RedPhosphoru
10:27 Feudal Age
9:14 Loom
14:12 Castle Age
12:33 Double-Bit Axe
15:14 Bow Saw
15:46 Bow Saw
17:38 Gold Mining
20:02 Fletching
MatzeAoE
6:09 Loom
10:01 Feudal Age
12:07 Double-Bit Axe
18:11 Fletching
_Riley_
1:02 Loom
12:44 Feudal Age
18:57 Castle Age
17:39 Double-Bit Axe
eXitDenDoc
0:40 Loom
9:55 Feudal Age
10:03 Man-at-Arms
14:22 Double-Bit Axe
16:04 Forging
17:40 Arson
20:39 Fletching
Connection lost

Rejoining the realm…

Still unreachable

The connection could not be restored.

Session expired

The server has moved on; the page needs a fresh start.